 Dungeon Crawl Stone Soup version 0.28.0-53-g5a82cb258f (webtiles) character file.

Game seed: 5708915139558218320

54443 Peloso the Fencer (level 14, -2/128 (129) HPs)
             Began as a Minotaur Fighter on Aug 10, 2022.
             Was the Champion of Okawaru.
             Slain by an orc knight
             ... wielding a +1 dire flail
              (24 damage)
             ... on level 2 of the Orcish Mines.
             The game lasted 00:38:09 (21501 turns).

Peloso the Fencer (Minotaur Fighter)               Turns: 21501, Time: 00:38:09

HP:   -2/128 (129)  AC: 19    Str: 24    XL:     14   Next: 34%
MP:   14/14         EV: 11    Int:  8    God:    Okawaru [******]
Gold: 1834          SH: 13    Dex: 14    Spells: 13/13 levels left

rFire   + . .      SeeInvis +   a - +8 demon blade "Raisin" {pain, Int+3}
rCold   + + .      Faith    .   c - +0 kite shield
rNeg    . . .      Spirit   .   y - +2 shadow dragon scales "Unaameuj" {Drain rElec rC+++ Dex+2 Stlth++++}
rPois   .          Reflect  .   j - +0 hat {SInv}
rElec   +          Harm     .   p - +0 cloak
rCorr   .          Rampage  .   (no gloves)
Will    +....                   (no boots)
Stlth   ++++......              E - amulet of regeneration
HPRegen 1.11/turn               t - ring of fire
MPRegen 0.14/turn               (no ring)

@: lightly drained
A: horns 2, retaliatory headbutt
a: Renounce Religion, Heroism, Finesse, Duel


You were on level 2 of the Orcish Mines.
You worshipped Okawaru.
Okawaru was exalted by your worship.
You visited 3 branches of the dungeon, and saw 18 of its levels.
You also visited: Sewer and Volcano.

You collected 1834 gold pieces.

Inventory:

Hand Weapons
 a - the +8 demon blade "Raisin" (weapon) {pain, Int+3}
   (You acquired it on level 1 of the Lair of Beasts)

   In the hands of one skilled in necromantic magic, it inflicts extra damage on
   living creatures.
   Int:       It affects your intelligence (+3).
 b - a +1 vorpal double sword
 M - a +3 demon blade of venom
 O - a +0 hand axe of flaming
Missiles
 w - 2 throwing nets (quivered)
Armour
 c - a +0 kite shield (worn)
 j - a +0 hat of see invisible (worn)
 p - a +0 cloak (worn)
 u - a +4 plate armour of fire resistance
 y - the +2 shadow dragon scales "Unaameuj" (worn) {Drain rElec rC+++ Dex+2 Stlth++++}
   (Okawaru gifted it to you on level 1 of the Lair of Beasts)

   Dex:       It affects your dexterity (+2).
   rC:        It renders you almost immune to cold.
   rElec:     It insulates you from electricity.
   Drain:     It drains your maximum health when unequipped.
   Stlth:     It makes you much more stealthy.
 A - quicksilver dragon scales
Jewellery
 g - a ring of ice
 t - a ring of fire (left hand)
 x - a +4 ring of evasion
 E - an amulet of regeneration (around neck)
Wands
 h - a wand of flame (24)
 C - a wand of acid (1)
 N - a wand of paralysis (1)
Scrolls
 f - 2 scrolls of amnesia
 i - 3 scrolls of teleportation
 l - 2 scrolls of blinking
 m - 2 scrolls of magic mapping
 q - 4 scrolls of fear
 r - 4 scrolls of enchant armour
 z - 4 scrolls of fog
 D - a scroll of silence
 F - 2 scrolls of identify
 P - a scroll of immolation
Potions
 d - 4 potions of might
 e - 3 potions of mutation
 k - a potion of ambrosia
 n - 7 potions of lignification
 o - 2 potions of brilliance
 v - 2 potions of haste
 B - 4 potions of flight
 G - 4 potions of curing
 I - 4 potions of magic
 J - 3 potions of cancellation
 L - a potion of heal wounds
Miscellaneous
 H - a phial of floods
 K - a lightning rod (4/4)


   Skills:
 + Level 13.3 Fighting
 + Level 16.5 Long Blades
 + Level 2.7 Axes
 + Level 13.1 Armour
 + Level 8.4 Dodging
 + Level 3.9 Stealth
 + Level 14.5 Shields
 + Level 0.4 Unarmed Combat
 + Level 2.6 Invocations
 + Level 1.5 Evocations


You had 13 spell levels left.
You didn't know any spells.
Your spell library contained the following spells:

 Spells                   Type           Power      Damage    Failure   Level
 Beastly Appendage        Tmut           0%         N/A       98%         1
 Slow                     Hex            0%         N/A       98%         1
 Confusing Touch          Hex            0%         N/A       100%        3
 Stone Arrow              Conj/Erth      0%         3d7       100%        3
 Vampiric Draining        Necr           0%         2d6       100%        3
 Fulminant Prism          Conj/Hex       0%         3d6       100%        4
 Iskenderun's Mystic Bla  Conj/Tloc      0%         2d3       100%        4
 Alistair's Intoxication  Tmut/Pois      0%         N/A       100%        5
 Lee's Rapid Deconstruct  Erth           0%         3d5*      100%        5
 Lehudib's Crystal Spear  Conj/Erth      0%         10d2      100%        8
 Tukima's Dance           Hex            Unusable   N/A       N/A         3
 Animate Armour           Summ/Erth      Unusable   N/A       N/A         4

Dungeon Overview and Level Annotations

Branches:
Dungeon (12/15)            Temple (0/1) D:4            Lair (4/6) D:10
  Swamp (0/4) Lair:3       Spider (0/4) Lair:3          Orc (2/2) D:10
    Elf (0/3) Orc:2         Sewer (visited)         Volcano (visited)

Altars:
Cheibriados
Fedhas
Gozag
Kikubaaqudgha
Makhleb
Okawaru
Ru
Sif Muna
Uskayaw
Vehumet
Wu Jian
Xom
Yredelemnul
The Shining One

Shops:
D:1 *   D:11 *   Orc:2 =

Annotations:
D:9 3 runed translucent doors, hitsuchi's ghost, journeyman SpEn


Innate Abilities, Weirdness & Mutations

You have a pair of horns on your head.
You reflexively headbutt those who attack you in melee.


Message History

You barely miss the orc sorcerer.
The orc sorcerer is almost dead.
The orc sorcerer casts a spell at you.
You suddenly lose the ability to move!
The orc knight roars a battlecry!
The orcs go into a battle-frenzy!
The orc sorcerer hits you with a +0 dagger.
The orc knight hits you with a +1 dire flail!
The orc knight roars a battlecry!
The orc knight goes into a battle-frenzy!
The orc sorcerer shouts, "You are history!"
The orc sorcerer hits you but does no damage.
The orc knight hits you with a +1 dire flail!!
The orc sorcerer hits you but does no damage.
The orc knight hits you with a +1 dire flail!!
The orc sorcerer points at you and mumbles some strange words.
The bolt of fire hits you! You resist.
You can move again.
You closely miss the orc sorcerer. Your headbutt misses the orc sorcerer.
The orc sorcerer is severely wounded.
The orc knight hits you with a +1 dire flail!!
* * * LOW HITPOINT WARNING * * *
Unknown command.
You slash the orc sorcerer!
You kill the orc sorcerer!
Okawaru accepts your kill. You block the orc knight's attack.
Unknown command.
You hit the orc knight.
The orc knight is lightly wounded.
You slash the orc knight!
The orc knight is moderately wounded.
The orc knight hits you with a +1 dire flail!
* * * LOW HITPOINT WARNING * * *
You block the orc knight's attack.
You barely miss the orc knight.
You headbutt the orc knight, but do no damage.
The orc knight is moderately wounded.
The orc knight hits you with a +1 dire flail!!
You die...

##.........))8......#
##..........)[.......##
#.........8888)888.....
##...#....8888)888.....
##.#.......))[)......#..
#..........)))..).......
##.##......[)...<)......
##.##.....[[...........
#...#.@)...............
##.....oo...............
#.......................
##..............#.......
#...............##.....
##......#.......#......
#................#.#...
#.................###.#
##..................##.


You could see 2 orc knights.

Vanquished Creatures
  Gastronok (Lair:3)
  Fannar (Lair:1)
  Erolcha (D:10)
  A boulder beetle (D:12)
  9 hydras
  A catoblepas (Lair:3)
  2 death knights
  3 two-headed ogres
  A hell hog (Volcano)
  A tengu warrior (D:8)
  3 orc high priests (Orc:2)
  A fire crab (Volcano)
  Sonja (Lair:3)
  A bog body (Lair:3)
  Pikel (D:6)
  3 orc knights (Orc:2)
  An oklob plant (Lair:2)
  A cyclops (D:7)
  4 ugly things
  5 orc sorcerers (Orc:2)
  Maurice (D:10)
  2 black mambas (Lair:4)
  3 unseen horrors
  2 kobold demonologists (D:12)
  7 cane toads
  5 komodo dragons
  2 freezing wraiths
  A rime drake (Lair:3)
  5 trolls
  2 hornets (D:9)
  Grinder (D:4)
  Prince Ribbit (D:9)
  A polar bear (Lair:2)
  5 dream sheep (Lair:4)
  5 slime creatures (D:12)
  11 blink frogs
  A meliai zombie (D:10)
  Sigmund (D:5)
  31 yaks
  3 wraiths
  Eustachio (D:5)
  4 wyverns
  A shadow (D:9)
  2 basilisks
  13 fire bats (Volcano)
  A steam dragon (D:9)
  Edmund (D:5)
  13 water moccasins
  2 hell hounds (Volcano)
  3 acid dragons
  Duvessa (D:6)
  15 orc warriors
  A hornet zombie (D:5)
  3 sky beasts
  An ice beast (D:7)
  2 black bears
  10 ogres
  11 centaurs
  3 phantoms
  6 kobold brigands
  17 bullfrogs
  4 scorpions
  A wyvern skeleton (D:5)
  A water moccasin skeleton (D:6)
  Dowan (D:6)
  11 killer bees
  10 wights (D:9)
  6 howler monkeys
  8 lava snakes (Volcano)
  4 centaur zombies
  3 hounds
  2 bullfrog zombies
  13 orc priests
  Crazy Yiuf (D:3)
  A bullfrog skeleton (D:6)
  2 jellies (D:6)
  Jessica (D:3)
  3 iguanas
  2 hell rats (Lair:1)
  25 orc wizards
  A mummy (D:7)
  A howler monkey skeleton (D:7)
  2 howler monkey zombies
  10 adders
  8 gnolls
  7 river rats (Lair:1)
  A shadow imp (D:7)
  An ufetubus (D:4)
  2 worms
  4 dart slugs
  56 orcs
  3 bats
  6 endoplasms
  7 giant cockroaches
  6 goblins
  4 hobgoblins
  5 jackals
  3 quokkas
  11 ball pythons
  7 frilled lizards
  33 kobolds
  10 rats
  A spectral orc (D:7)
531 creatures vanquished.

Vanquished Creatures (others)
  An orc priest (Orc:2)
  10 fungi
  12 plants
23 creatures vanquished.

Grand Total: 554 creatures vanquished

Notes
Turn   | Place    | Note
-------+----------+-------------------------------------------
     0 | D:1      | Peloso the Minotaur Fighter began the quest for the Orb.
     0 | D:1      | Reached XP level 1. HP: 19/19 MP: 0/0
   106 | D:1      | Reached XP level 2. HP: 27/27 MP: 1/1
   194 | D:1      | Found a faded altar of an unknown god.
   687 | D:1      | Found Juotech's General Store.
   793 | D:1      | Reached XP level 3. HP: 33/33 MP: 2/2
   888 | D:2      | Reached skill level 3 in Long Blades
   894 | D:2      | Found an ancient bone altar of Kikubaaqudgha.
  1874 | D:3      | Noticed a sky beast
  1893 | D:3      | Killed a sky beast
  1894 | D:3      | Reached skill level 4 in Long Blades
  1894 | D:3      | Reached skill level 5 in Armour
  1894 | D:3      | Reached XP level 4. HP: 14/41 MP: 3/3
  1894 | D:3      | Reached XP level 5. HP: 17/47 MP: 4/4
  1897 | D:3      | Noticed Jessica
  1901 | D:3      | Killed Jessica
  2275 | D:3      | Reached skill level 5 in Long Blades
  2285 | D:3      | Found a glowing golden altar of the Shining One.
  2319 | D:3      | Found an opulent altar of Gozag.
  2594 | D:3      | Found a sacrificial altar of Ru.
  2659 | D:3      | Noticed a sky beast
  2664 | D:3      | Killed a sky beast
  2665 | D:3      | Reached XP level 6. HP: 53/53 MP: 5/5
  2729 | D:3      | Found a runed translucent door.
  2730 | D:3      | Noticed Crazy Yiuf
  2865 | D:3      | Killed Crazy Yiuf
  3072 | D:4      | Reached skill level 6 in Long Blades
  3160 | D:4      | Found an iron altar of Okawaru.
  3184 | D:4      | Noticed Grinder
  3186 | D:4      | Paralysed by Grinder for 3 turns
  3191 | D:4      | Paralysed by Grinder for 3 turns
  3199 | D:4      | Killed Grinder
  3200 | D:4      | Reached skill level 5 in Fighting
  3200 | D:4      | Reached skill level 1 in Dodging
  3200 | D:4      | Reached XP level 7. HP: 18/61 MP: 6/6
  3224 | D:4      | Became a worshipper of Warmaster Okawaru
  3881 | D:4      | Found a staircase to the Ecumenical Temple.
  3892 | D:4      | Reached skill level 7 in Long Blades
  3945 | D:4      | Found an ornate altar of the Wu Jian Council.
  4090 | D:5      | Entered Level 5 of the Dungeon
  4112 | D:5      | Noticed Eustachio
  4127 | D:5      | Killed Eustachio
  4166 | D:5      | Found a glowing drain.
  4171 | Sewer    | Entered a sewer
  4452 | Sewer    | Reached XP level 8. HP: 69/69 MP: 7/7
  4519 | Sewer    | Reached * piety under Okawaru
  4835 | D:5      | Reached skill level 8 in Long Blades
  4835 | D:5      | Reached skill level 5 in Shields
  5257 | D:5      | Got Koll's Guide on Ensnaring Shape Shifting
  5307 | D:5      | Noticed Sigmund
  5318 | D:5      | Killed Sigmund
  5446 | D:5      | Noticed Edmund
  5462 | D:5      | Killed Edmund
  5463 | D:5      | Reached skill level 9 in Long Blades
  5772 | D:6      | Noticed Duvessa
  5772 | D:6      | Noticed Dowan
  5805 | D:6      | Reached ** piety under Okawaru
  5895 | D:6      | Reached XP level 9. HP: 70/78 MP: 8/8
  6009 | D:6      | Identified the +1 lajatang "Ogre's Doom" {vorpal, rC+
                  | Int+5}
  6285 | D:6      | Noticed Pikel
  6292 | D:6      | Killed Pikel
  6293 | D:6      | Reached skill level 10 in Long Blades
  6298 | D:6      | Killed Duvessa
  6486 | D:6      | Found a blossoming altar of Fedhas.
  6762 | D:6      | Found a burning altar of Makhleb.
  6792 | D:6      | Killed Dowan
  7087 | D:7      | Found a basalt altar of Yredelemnul.
  7260 | D:7      | Reached *** piety under Okawaru
  7261 | D:7      | Reached skill level 10 in Armour
  7470 | D:7      | Found a snail-covered altar of Cheibriados.
  7487 | D:7      | Noticed a cyclops
  7494 | D:7      | Killed a cyclops
  7495 | D:7      | Reached skill level 1 in Stealth
  7789 | D:7      | Reached XP level 10. HP: 86/86 MP: 9/9
  7871 | D:7      | Reached skill level 11 in Long Blades
  8501 | D:8      | Reached **** piety under Okawaru
  8646 | D:8      | Found a shimmering blue altar of Sif Muna.
  8806 | D:8      | Reached skill level 12 in Long Blades
  9460 | D:9      | Found a radiant altar of Vehumet.
  9465 | D:9      | Noticed Prince Ribbit
  9523 | D:9      | Killed Prince Ribbit
  9819 | D:9      | Reached skill level 13 in Long Blades
  9984 | D:9      | Found a runed translucent gate.
  9984 | D:9      | Found a runed translucent gate.
  9985 | D:9      | Found a runed translucent gate.
 10044 | D:9      | Reached ***** piety under Okawaru
 10187 | D:9      | Received a gift from Okawaru
 10188 | D:9      | Reached XP level 11. HP: 78/92 MP: 10/10
 10275 | D:9      | Noticed a two-headed ogre
 10282 | D:9      | Noticed a two-headed ogre
 10290 | D:9      | Killed a two-headed ogre
 10291 | D:9      | Reached skill level 1 in Invocations
 10295 | D:9      | Killed a two-headed ogre
 10296 | D:9      | Reached skill level 5 in Dodging
 10308 | D:9      | Noticed a purple ugly thing
 10323 | D:9      | Noticed a cyan ugly thing
 10327 | D:9      | Killed a purple ugly thing
 10733 | D:9      | Killed a cyan ugly thing
 10985 | D:9      | Found the +7 Spriggan's Knife {stab, EV+4 Stlth+}
 10986 | D:9      | Noticed hitsuchi's ghost (journeyman SpEn)
 11096 | D:9      | Paralysed by a hornet for 3 turns
 11102 | D:9      | Noticed a tengu warrior
 11103 | D:9      | Noticed a death knight
 11118 | D:9      | Noticed a death knight
 11398 | D:8      | Killed a tengu warrior
 11399 | D:8      | Reached skill level 14 in Long Blades
 11591 | D:9      | Killed a death knight
 11591 | D:9      | Identified the +0 pair of gloves of Okawaru's Pride {rPois
                  | rF+ Str-2} (Okawaru gifted it to you on level 9 of the
                  | Dungeon)
 11591 | D:9      | Received a gift from Okawaru
 11977 | D:10     | Entered Level 10 of the Dungeon
 12158 | D:10     | Noticed a +0 dagger
 12159 | D:10     | Noticed a +0 dagger
 12162 | D:10     | Found a hide-covered altar of Uskayaw.
 12169 | D:10     | Noticed Erolcha
 12189 | D:10     | Killed Erolcha
 12583 | D:10     | Found a staircase to the Orcish Mines.
 12665 | D:10     | Reached skill level 10 in Fighting
 12675 | D:10     | Found a staircase to the Lair.
 12756 | D:10     | Reached XP level 12. HP: 86/106 MP: 12/12
 12903 | D:10     | Noticed Maurice
 12946 | D:10     | Killed Maurice
 12947 | D:10     | Reached skill level 10 in Shields
 13148 | D:11     | Noticed a death knight
 13174 | D:10     | Killed a death knight
 13649 | D:10     | Identified a scroll of acquirement
 13776 | D:11     | Noticed a five-headed hydra
 13792 | D:11     | Killed a one-headed hydra
 14522 | D:11     | Found Egreoleq's General Store.
 15153 | Lair:1   | Entered Level 1 of the Lair of Beasts
 15211 | Lair:1   | Noticed a four-headed hydra
 15220 | Lair:1   | Killed a one-headed hydra
 15220 | Lair:1   | Identified the +2 shadow dragon scales "Unaameuj" {Drain
                  | rElec rC+++ Dex+2 Stlth++++} (Okawaru gifted it to you on
                  | level 1 of the Lair of Beasts)
 15220 | Lair:1   | Received a gift from Okawaru
 15292 | Lair:1   | Noticed Fannar
 15318 | Lair:1   | Killed Fannar
 15552 | Lair:1   | Reached skill level 15 in Long Blades
 15554 | Lair:1   | Acquired the +8 demon blade "Raisin" {pain, Int+3}
 16258 | Lair:2   | Noticed a four-headed hydra
 16269 | Lair:2   | Killed a one-headed hydra
 16312 | Lair:2   | Noticed a five-headed hydra
 16328 | Lair:2   | Killed a one-headed hydra
 16329 | Lair:2   | Reached skill level 1 in Axes
 16528 | Lair:2   | Reached XP level 13. HP: 113/116 MP: 13/13
 16743 | Lair:2   | Found a shimmering altar of Xom.
 17117 | Lair:3   | Found a staircase to the Swamp.
 17118 | Lair:3   | You fall into a shaft and drop 1 floor!
 17129 | Lair:4   | Identified the +3 scale mail of the Boiling Point {Slay+3}
 17135 | Lair:4   | Found a dark tunnel.
 17143 | Volcano  | Entered a volcano
 17396 | Volcano  | Found a radiant altar of Vehumet.
 17982 | Lair:4   | Received a gift from Okawaru
 18483 | Lair:3   | Noticed Gastronok
 18515 | Lair:3   | Killed Gastronok
 18790 | Lair:3   | Found a hole to the Spider Nest.
 18815 | Lair:3   | Reached ****** piety under Okawaru
 18815 | Lair:3   | Received a gift from Okawaru
 18956 | Lair:3   | Noticed Sonja
 18993 | Lair:3   | Killed Sonja
 19142 | Lair:3   | Reached skill level 1 in Evocations
 19753 | D:12     | Reached skill level 16 in Long Blades
 19760 | D:12     | Received a gift from Okawaru
 19877 | D:12     | Reached XP level 14. HP: 123/127 MP: 14/14
 20390 | Orc:1    | Entered Level 1 of the Orcish Mines
 20608 | Orc:2    | Entered Level 2 of the Orcish Mines
 20718 | Orc:2    | Found a staircase to the Elven Halls.
 21055 | Orc:2    | Found Ribeckenn's Jewellery Shop.
 21323 | Orc:2    | Received a gift from Okawaru
 21492 | Orc:2    | Paralysed by an orc sorcerer for 4 turns
 21501 | Orc:2    | Slain by an orc knight

Illustrated notes

Levels and vault maps discovered:
D:1:      onia_arrival_pyramid, layout_basic,
          hellmonk_ecumenical_altar_heavens_door, serial_shops, shop_statue,
          minmay_small_reverse_x
D:2:      layout_basic, basic_altar
D:3:      layout_basic, nicolae_ru_awakened_eye, tso_metal_star,
          nicolae_gozag_seed_capital, uniq_crazy_yiuf_cottage, uniq_jessica
D:4:      layout_rooms, mainiacjoe_overflow_concentric_impassable,
          okawaru_gym_becter, minmay_temple_entry_wispy, uniq_grinder
D:5:      wander_river, layout_cave_pods, portal_sewer_entry_e, st_stairs_8,
          abandoned_shop, minmay_fountain_box, uniq_eustachio, uniq_edmund,
          uniq_sigmund
D:6:      layout_gridville, fedhas_bush_and_centaur_altar,
          lightli_temple_of_fire, minmay_fractal_squares_diagonal_5, uniq_pikel,
          uniq_duvessa
D:7:      layout_basic, yredelemnul_forgotten_temple_becter, slow_altar_2,
          minivault_19, grunt_ogre_cave, roderic_lattice_a,
          nicolae_elevator_lobby_asterisk
D:8:      layout_loops_ring, nicolae_sif_muna_little_library
D:9:      minmay_quarter_circles, layout_cave_pools, vehumet_crystals,
          gammafunk_ghost_spectres, uniq_prince_ribbit1
D:10:     layout_long_grid, dancing_weapons_uskayaw, lair_entry_dummy,
          orc_0_dummy, grunt_decor_junction, uniq_erolcha, uniq_maurice
D:11:     layout_loops_corners, serial_shops, shop
D:12:     layout_cave_pools
Lair:1:   layout_cave_pods, kennysheep_rathole, serial_bayou_shore_a,
          uniq_fannar
Lair:2:   layout_regular_city, lemuel_oklob_altar
Lair:3:   layout_layer_cave, skrybe_swamp_entry_bodies,
          spider_nest_entry_web_field, uniq_gastronok, uniq_sonja
Lair:4:   layout_cave_pods, nicolae_volcano_entry_two_sided, grunt_megastairs_1,
          infiniplex_staircase_pool_2
Orc:1:    layout_diamond_mine
Orc:2:    st_orc_elflike, layout_caves, hellmonk_bongcloud_opening

Skill      XL: |  1  2  3  4  5  6  7  8  9 10 11 12 13 14 |
---------------+-------------------------------------------+-----
Armour         | 4 5 6 8 10 11 12 13 | 13.1
Shields        | 4 5 6 8 9 12 13 14 | 14.5
Fighting       | 4 5 6 7 8 10 11 12 13 | 13.3
Long Blades    | 4 5 6 7 9 10 13 14 15 16 | 16.5
Dodging        | 1 2 3 4 6 7 8 |  8.4
Stealth        | 1 2 3 |  3.9
Invocations    | 2 |  2.6
Axes           | 1 2 |  2.7
Evocations     | 1 |  1.5
Unarmed Combat | |  0.4

Action                   |  1- 3 |  4- 6 |  7- 9 | 10-12 | 13-15 || total
-------------------------+-------+-------+-------+-------+-------++-------
Melee: Long sword        |    91 |    64 |   262 |       |       ||   417
       Headbutt          |    15 |     9 |    39 |   200 |   135 ||   398
       Falchion          |       |       |     8 |   850 |       ||   858
       Demon blade       |       |       |       |    86 |   502 ||   588
       Hand axe          |       |       |       |    32 |    39 ||    71
       Unarmed           |       |       |       |    11 |       ||    11
Invok: Heroism           |       |       |     4 |    16 |     6 ||    26
Evoke: Wand              |       |       |       |     5 |     6 ||    11
  Use: Scroll            |     6 |     4 |     3 |    10 |     7 ||    30
       Potion            |     3 |       |       |     4 |     1 ||     8
 Stab: Sleeping          |       |       |       |     5 |     9 ||    14
       Paralysed         |       |       |       |       |     1 ||     1
Armor: Scale mail        |    50 |    25 |    70 |       |       ||   145
       Chain mail        |       |       |    68 |       |       ||    68
       Quicksilver drago |       |       |    14 |   343 |       ||   357
       Shadow dragon sca |       |       |       |    69 |   193 ||   262
       Skin              |       |       |       |     2 |       ||     2
Dodge: Dodged            |    36 |    28 |   112 |   386 |   174 ||   736
Block: Buckler           |    19 |    10 |    78 |   121 |       ||   228
       Kite shield       |       |       |       |   287 |   315 ||   602
